AoeStats
← Gripen

Nomad

510827482Analyzed
4v4 RM · 1d ago on Oct 2, 2026· 67m 18s· 8 players
Game mode
Random Map
Map size
231×231
Population
200
Speed
Normal
Resources
Standard
Victory
Conquest
Starting age
Dark Age
Ending age
Imperial Age
RankedLock teamsTeams togetherTeam positionsShared explorationLock speedFull tech treeHidden civsTurbo modeCheats
Victory
Defeat
🇸🇪 Koreans · Sweden
1476
+9
🇸🇪 Sicilians · Sweden
1376
+12
🇸🇪 Lithuanians · Sweden
1135
+22
🇫🇮 Danes · Finland
1112
+22
🇹🇼 Persians · Taiwan
1316
-18
🇭🇰 Sicilians · Hong Kong SAR China
1303
-17
🇺🇸 Malay · United States
1252
-15
🇨🇦 Lithuanians · Canada
1251
-15
Westbergen
14:27 Feudal Age
19:25 Castle Age
19:04 Wheelbarrow
22:19 Stone Mining
30:13 Hand Cart
35:35 Fletching
40:07 Imperial Age
38:35 Scale Barding Armor
41:09 Cavalier
41:50 Husbandry
44:04 Chain Barding Armor
43:54 Forging
43:41 Bodkin Arrow
43:47 Padded Archer Armor
43:45 Crossbowman
44:53 Bloodlines
46:48 Chemistry
59:45 Light Cavalry
N1ls
5:37 Loom
13:04 Feudal Age
18:03 Castle Age
17:34 Horse Collar
18:24 Double-Bit Axe
19:27 Medium Warships
20:13 Bow Saw
20:33 Fletching
20:43 Padded Archer Armor
25:05 Gold Mining
25:05 Stone Mining
25:11 Stone Mining
28:09 Bodkin Arrow
29:02 Gold Shaft Mining
29:02 Stone Shaft Mining
29:35 Wheelbarrow
31:05 Ballistics
31:16 Leather Archer Armor
32:37 Elite Skirmisher
34:39 Scale Barding Armor
34:44 Forging
36:39 Hand Cart
39:31 Imperial Age
38:28 Chain Barding Armor
38:44 Iron Casting
38:45 Heavy Plow
40:49 Hauberk
41:09 Conscription
41:32 Plate Barding Armor
42:03 Blast Furnace
41:20 Husbandry
41:30 Bloodlines
40:49 Cavalier
42:03 Crop Rotation
44:29 Light Cavalry
46:51 Squires
46:12 Pikeman
46:37 Arson
OwlfromLarsmo
3:15 Loom
12:55 Feudal Age
13:30 Double-Bit Axe
13:37 Gold Mining
13:36 Town Watch
21:33 Stone Mining
24:31 Castle Age
22:24 Fletching
23:25 Fishing Lines
25:26 Medium Warships
26:43 Bow Saw
26:36 Bodkin Arrow
30:31 Gillnets
32:44 Horse Collar
34:26 Heavy Plow
38:55 Imperial Age
38:05 Scale Mail Armor
38:15 Forging
38:29 Ballistics
38:20 Masonry
39:49 Gold Shaft Mining
40:04 Heavy Warships
40:44 Chain Mail Armor
41:05 Iron Casting
42:09 Wheelbarrow
42:15 Wheelbarrow
42:05 Elite Longship
45:28 Hand Cart
47:10 Elite Jomsviking
49:29 Plate Mail Armor
56:39 Blast Furnace
55:14 Elite Varangian Guard
55:55 Squires
58:02 Conscription
57:06 Hamask
58:24 Hoardings
57:46 Arson
62:15 Murder Holes
63:21 Chemistry
62:35 Careening
Gripen
11:10 Loom
14:05 Feudal Age
18:22 Castle Age
16:46 Double-Bit Axe
17:30 Fishing Lines
20:12 Bow Saw
19:54 Gillnets
26:09 Imperial Age
24:21 Wheelbarrow
24:06 Fletching
24:43 Bodkin Arrow
25:47 Hand Cart
27:28 Bracer
27:54 Ballistics
29:02 Conscription
30:58 Elite War Wagon
37:46 Chemistry
48:21 Town Watch
50:53 Caravan
51:53 Town Patrol
54:19 Elite Cannon Galleon
55:26 Eupseong
56:38 Scale Mail Armor
56:49 Forging
57:35 Chain Mail Armor
58:29 Squires
59:17 Siege Engineers
60:41 Masonry
60:11 Treadmill Crane
60:18 Pikeman
62:35 Two-Man Saw
61:37 Halberdier
65:08 Architecture
65:59 Clinker Construction
67:01 Heated Shot
Zangytangy
9:37 Loom
13:50 Feudal Age
14:12 Feudal Age
17:02 Fishing Lines
21:49 Wheelbarrow
21:00 Town Watch
21:30 Fletching
21:41 Padded Archer Armor
24:34 Castle Age
22:21 Town Watch
23:36 Double-Bit Axe
24:36 Bow Saw
24:27 Crossbowman
25:14 Thumb Ring
25:17 Gillnets
26:47 Bodkin Arrow
30:04 Stone Mining
30:05 Gold Mining
37:26 Imperial Age
37:30 Elite Skirmisher
40:31 Leather Archer Armor
40:17 Bracer
44:30 Ring Archer Armor
57:51 Squires
57:36 Arson
57:12 Man-at-Arms
58:57 Long Swordsman
60:10 Two-Handed Swordsman
64:31 Forced Levy
S.enpaii
12:18 Loom
15:17 Feudal Age
16:12 Double-Bit Axe
18:47 Castle Age
17:01 Forging
16:42 Fishing Lines
17:46 Bloodlines
17:39 Gold Mining
18:59 Scale Barding Armor
20:03 Bow Saw
21:28 Wheelbarrow
23:08 Wheelbarrow
22:28 Stone Mining
23:11 Horse Collar
24:46 Stone Shaft Mining
24:10 Gillnets
26:19 Chain Barding Armor
26:34 Iron Casting
28:08 Husbandry
33:24 Imperial Age
31:39 Elite Skirmisher
33:57 Padded Archer Armor
33:48 Fletching
34:04 Cavalier
36:45 Plate Barding Armor
41:05 Hand Cart
42:24 Two-Man Saw
44:02 Heavy Plow
45:28 Light Cavalry
46:42 Caravan
48:46 Bodkin Arrow
49:17 Leather Archer Armor
54:44 Ring Archer Armor
55:16 Thumb Ring
56:22 Town Watch
57:07 Ballistics
59:29 Chemistry
61:15 Pikeman
Aker Starlight
5:11 Loom
14:10 Feudal Age
17:13 Forging
20:35 Castle Age
18:35 Double-Bit Axe
20:27 Fletching
20:35 Stone Mining
22:06 Wheelbarrow
22:33 Medium Warships
22:50 Bodkin Arrow
22:49 Gold Mining
23:11 Bow Saw
23:47 Town Watch
25:50 Hand Cart
26:28 Fishing Lines
28:24 Horse Collar
31:11 Heavy Plow
35:42 Imperial Age
33:42 Scale Mail Armor
35:51 Chain Mail Armor
36:12 Iron Casting
35:52 Pikeman
37:31 Iron Casting
38:14 Heavy Warships
39:22 Blast Furnace
40:02 Elite Serjeant
43:59 Plate Mail Armor
47:44 Arson
47:59 Squires
49:19 Bracer
49:11 Halberdier
53:17 Ballistics
53:58 Chemistry
52:44 Arrowslits
53:46 Hoardings
55:08 Conscription
55:06 Masonry
55:51 Gold Shaft Mining
55:58 Stone Shaft Mining
55:58 Crop Rotation
Dean
5:13 Loom
12:50 Feudal Age
20:19 Castle Age
18:59 Fishing Lines
20:04 Fletching
22:03 Double-Bit Axe
22:00 Horse Collar
22:56 Bow Saw
24:19 Wheelbarrow
25:04 Heavy Plow
29:06 Town Watch
30:45 Hand Cart
30:31 Stone Mining
30:32 Gold Mining
31:23 Husbandry
32:23 Forging
33:00 Scale Barding Armor
33:10 Bloodlines
33:54 Gold Shaft Mining
33:56 Iron Casting
37:34 Imperial Age
36:00 Chain Barding Armor
37:23 Cavalier
38:54 Plate Barding Armor
39:41 Blast Furnace
41:07 Conscription
41:25 Savar
44:05 Kamandaran
44:01 Bodkin Arrow
44:45 Padded Archer Armor
45:22 Hoardings
44:24 Crossbowman
45:09 Thumb Ring
46:14 Leather Archer Armor
47:21 Crop Rotation
47:22 Squires
47:40 Arson
48:45 Pikeman
50:47 Halberdier
51:56 Scale Mail Armor
54:05 Light Cavalry
55:10 Hussar
57:10 Ring Archer Armor
56:57 Chain Mail Armor
Connection lost

Rejoining the realm…

Still unreachable

The connection could not be restored.

Session expired

The server has moved on; the page needs a fresh start.